montu, chaotic male human Wizard ---- --..--------- |...........----- |-....----......| |.....| ------.--- --.|.-- |...| --|.| ----------.--- |.---.|...|.--...| |.............--.--- --............||...|-- --..........-----.|.--- |.........-- |.....| - ----......| ---...-------- --- ..........-- ----%.-- |...%..q@M.Gh.................>.....(.....| --.----- --.----------------- --- -- -- - |..|..------- |.....<|.| ---......| --...--- |..-- ---- montu the Thaumaturge Experience level: 6 Strength: 13 Dexterity: 13 Constitution: 15 Intelligence: 18 Wisdom: 9 Charisma: 12 Health: 0(64) Energy: 14(28) Def: 1 Gold: 1212 Moves: 8734 Dungeon seed: kaJwIvN_1X7NZIEW Game ID: montu_1703602431 Your Inventory: Coins $ - 1212 gold pieces Weapons v - 2 uncursed +0 elven daggers (wielded) B - an uncursed +1 dagger X - 14 uncursed +0 daggers (in quiver) Armor e - an uncursed +0 cloak of magic resistance (being worn) G - a cursed -2 dwarvish cloak of shock immunity Comestibles a - an uncursed cream pie H - an uncursed slime mold M - an uncursed pear U - an uncursed lembas wafer W - an uncursed lichen corpse Scrolls j - 2 uncursed scrolls of summoning s - 3 uncursed scrolls of identify w - an uncursed scroll of genocide y - a cursed scroll of identify C - a blessed scroll of earth D - an uncursed scroll of earth Potions k - 2 uncursed potions of extra healing m - an uncursed potion of monster detection t - an uncursed potion of sleeping x - an uncursed potion of blindness z - an uncursed potion of gain energy J - an uncursed potion of object detection P - an uncursed potion of water Z - an uncursed potion of speed Rings c - a cursed ring of teleportation i - an uncursed ring of teleport control (on left hand) o - a cursed ring of hunger A - a cursed ring of sustain ability (on right hand) L - an uncursed ring of cold immunity R - an uncursed ring of shock immunity Wands d - an uncursed wand of probing (0:7) n - an uncursed wand of digging (0:7) E - an uncursed wand of secret door detection (0:15) F - an uncursed wand of polymorph (0:8) N - an uncursed wand of sleep (0:8) T - an uncursed wand of fire (0:5) V - an uncursed wand of polymorph (0:3) Tools b - an uncursed mirror f - a blessed crystal ball (0:1) h - an uncursed blindfold l - 10 uncursed tallow candles (0:200) u - an uncursed +0 unicorn horn I - a blessed tallow candle (0:200) Q - an uncursed skeleton key S - an uncursed tin opener Gems g - 2 uncursed worthless pieces of yellowish brown glass p - 2 uncursed worthless pieces of black glass q - an uncursed worthless piece of green glass r - an uncursed luckstone K - an uncursed worthless piece of blue glass O - an uncursed worthless piece of orange glass Y - an uncursed fluorite stone Spells and supernatural/magical abilities: Name Level Category Cost Memory a - force bolt 1 attack 8pw 86% k - knock 1 matter 12pw 86% m - magic missile 2 attack 16pw 86% x - extra healing 3 healing 37pw 100% K - cure sickness 3 healing 37pw 86% W - pray for help -- divine ? -- Your skills at the end: Fighting Skills wands [Basic] Weapon Skills dagger [Basic] quarterstaff [Basic] Spellcasting Skills attack spells [Basic] enchantment spells [Basic] Final Attributes: You were fervently aligned. You were poison resistant. You were magic resistant. You were telepathic. You had teleport control. You had fixed abilities. You were lucky. You had extra luck. Bad luck did not time out for you. Good luck did not time out for you. You last prayed 686 turns ago. Anhur was noncommittal. You are dead. Vanquished creatures: 2 giant mimics 2 leprechauns a mumak a gnome king an orc mummy 2 brown puddings 4 dogs a dwarf lord a white unicorn a dust vortex a gnome mummy 2 bugbears an imp a wood nymph a water nymph a mountain nymph an orc shaman a rock piercer 2 rock moles 2 ponies 2 fog clouds 6 gnome lords a gnomish wizard a kobold mummy a black naga hatchling 3 golden naga hatchlings 2 straw golems a giant ant 4 little dogs a floating eye 3 kittens 7 dwarves a kobold lord 2 kobold shamans 5 hill orcs 3 rothes a centipede a giant bat a monkey 8 orc zombies a wererat a werejackal 2 iguanas 6 killer bees 4 acid blobs a coyote a gas spore 4 hobbits 2 manes 3 hobgoblins a giant rat 2 cave spiders a brown mold a yellow mold 2 green molds 3 red molds 27 gnomes a gnome zombie 3 geckos 15 jackals 7 foxes 3 kobolds 3 goblins 9 sewer rats 13 grid bugs 2 bats 6 lichens 4 kobold zombies 10 newts 221 creatures vanquished. Voluntary challenges: You used a wielded weapon 443 times, starting on turn 76. You read items or engraved 32 times, starting on turn 4444. You never genocided any monsters. You never polymorphed an object. You never changed form. You used no wishes. You never split a pudding. You wrote Elbereth's name 15 times, starting on turn 4444. You violated your moral code, losing 101 points of alignment, starting on turn 5241. Dungeon overview: The Dungeons of Doom: levels 1 to 7 Level 1 a fountain, a vault a long staircase Level 2 a fountain, a vault stairs to The Gnomish Mines Level 3 a sink Level 4 Level 5 many fountains Level 6 an altar to Thoth, a fountain, a vault stairs to Sokoban Level 7 The Gnomish Mines: levels 3 to 5 Level 3 stairs to The Dungeons of Doom Level 4 Level 5 <- You were here Sokoban: levels 2 to 5 Level 2 Solved Level 3 Solved Level 4 Solved Level 5 Solved stairs to The Dungeons of Doom History has recorded: On T:1 you entered the Dungeons of Doom to retrieve the Amulet of Yendor! On T:339 you reached level 2 of The Dungeons of Doom. On T:467 you advanced to experience level 2. On T:759 you reached level 3 of The Dungeons of Doom. On T:780 you advanced to experience level 3. On T:1203 you advanced to experience level 4. On T:1214 you reached level 4 of The Dungeons of Doom. On T:1698 you reached level 5 of The Dungeons of Doom. On T:1733 you advanced to experience level 5. On T:2012 you reached level 6 of The Dungeons of Doom. On T:2705 you reached level 4 of Sokoban. On T:3221 you advanced to experience level 6. On T:3245 you reached level 3 of Sokoban. On T:4466 you advanced to experience level 7. On T:4547 you reached level 2 of Sokoban. On T:5250 you reached level 1 of Sokoban. On T:7308 you reached level 7 of The Dungeons of Doom. On T:7536 you advanced to experience level 8. On T:7648 you reached level 1 of The Gnomish Mines. On T:7907 you reached level 2 of The Gnomish Mines. On T:8555 you reached level 3 of The Gnomish Mines. Score breakdown: Gold: 1212 (10490 points) Experience: 6 levels (12456 points) Exploration: 7 levels ( 14.89%) (10834 points) Discoveries: 7 items ( 2.35%) ( 4597 points) Valuables value: (no points given unless you survive) Artifact value: 0 ( 0 points) Variety of kills: 69 monsters ( 18.16%) (12783 points) Turncount: 8734 turns (-2178 points) Survival: died (score multiplied by 80%) Total score: 39185 Latest messages: The rothe bites! (2x) The kobold mummy hits! You hit the kobold mummy. The rothe hits! The rothe bites! (2x) The kobold mummy hits! [2 turns] You hit the kobold mummy! The rothe hits! The rothe bites! (2x) The kobold mummy hits! The force bolt hits the rothe! (2x) The rothe hits! The rothe bites! (2x) The force bolt misses the rothe. The force bolt hits the rothe! The rothe is killed! The kobold mummy hits! The rothe hits! The rothe bites! (2x) You die... Final status: Goodbye montu the Wizard, killed by a rothe... You died in The Gnomish Mines on dungeon level 5 with 39185 points, and 1212 pieces of gold, after 8734 moves. You were level 6 with a maximum of 64 hit points when you died.